 Dungeon Crawl Stone Soup version 0.31-a0-182-gc5ef74bbde (webtiles) character file.

Game seed: 2709657907150356331

618 qw the Chopper (level 7, -8/44 HPs)
             Began as a Gargoyle Fighter on June 20, 2023.
             Mangled by Duvessa
             ... wielding a +0 rapier
              (12 damage)
             ... on level 5 of the Dungeon.
             The game lasted 00:01:23 (3059 turns).

qw the Chopper (Gargoyle Fighter)                   Turns: 3059, Time: 00:01:24

Health: -8/44      AC: 11    Str: 22    XL:     7   Next: 45%
Magic:  7/7        EV:  9    Int:  8    God:
Gold:   205        SH:  4    Dex:  9    Spells: 6/6 levels left

rFire   . . .        Y - +1 war axe
rCold   . . .        c - +0 buckler
rNeg    + . .        b - +0 scale mail
rPois   inf          (no helmet)
rElec   +            (no cloak)
rCorr   .            (no gloves)
SInv    .            (no boots)
Will    .....        (no amulet) Stlth
                     (no ring)
HPRegen 0.27/turn    (no ring)
MPRegen 0.10/turn

%: no passive effects
@: no status effects
A: sickness immunity, AC +4, negative energy resistance 1, electricity
resistance, torment resistance 1, petrification resistance
a: no special abilities


You were on level 5 of the Dungeon.
You visited 1 branch of the dungeon, and saw 5 of its levels.

You collected 205 gold pieces.


Innate Abilities, Weirdness & Mutations

You are immune to sickness and miasma.
Your stone body is resilient. (AC +4)
You are immune to poison.
You resist negative energy. (rN+)
You are resistant to electric shocks. (rElec)
You are resistant to unholy torment.
You are immune to petrification.


   Skills:
 - Level 4.9 Fighting
 + Level 6.4 Axes
 - Level 3.2 Armour
 - Level 1.2 Dodging
 - Level 3.2 Shields


You had 6 spell levels left.
You didn't know any spells.
Your spell library was empty.

Inventory:

Hand Weapons
 m - a +0 mace
 Y - a +1 war axe (weapon)
Armour
 b - a +0 scale mail (worn)
 c - a +0 buckler (worn)
 g - a +2 robe of fire resistance
Jewellery
 f - a ring of resist corrosion
Scrolls
 a - a scroll of identify
Potions
 d - 2 potions of might
 e - 2 potions of haste
 j - a potion of mutation

Dungeon Overview and Level Annotations

Branches:
Dungeon (5/15)
 Temple: D:4-7

Altars:
Ru

Annotations:
D:5 Duvessa, Menkaure


Message History

The centaur is heavily wounded.
The centaur closely misses you. The centaur barely misses you.
You hear a shout!
The centaur hits you but does no damage.
The centaur barely misses you.
You slash the centaur!
You kill the centaur!
You hear a shout! x2
You start resting.
You hear a shout! x9
Duvessa is nearby!
An ufetubus comes into view.
You hear a shout!
Duvessa rages.
Duvessa closely misses you.
You barely miss Duvessa.
Duvessa is lightly wounded.
Duvessa hits you but does no damage. x2
You barely miss Duvessa.
Duvessa is lightly wounded.
Duvessa barely misses you. The ufetubus closely misses you.
The ufetubus hits you but does no damage.
You barely miss Duvessa.
Duvessa is lightly wounded.
You closely miss the ufetubus. Duvessa hits you with a +0 rapier!
The ufetubus hits you but does no damage. x2
Duvessa hits you with a +0 rapier.
The ufetubus hits you but does no damage.
The ufetubus barely misses you.
Menkaure, Prince of Dust comes into view.
You hit Duvessa but do no damage.
Duvessa is lightly wounded.
You slash the ufetubus!
You kill the ufetubus!
Duvessa hits you with a +0 rapier! Duvessa barely misses you.
You slash Duvessa!
Duvessa is moderately wounded.
Duvessa hits you with a +0 rapier!
You die...

#..#.. #.##.# #.##.##
#.#.... #.#.%.> #.#....
#....%.
.########+########......
.M....e@...........#....
...................#....
#...>..............#...?
#.#.....................
#...................####
...#........####....#
..##........# #..### .#
#.....:..# #..#
########## #.##


You could see Duvessa (berserk) and Menkaure.

Vanquished Creatures
  Sigmund (D:4)
  An ice beast (D:4)
  A centaur (D:5)
  A phantom (D:5)
  Blork the orc (D:4)
  Dowan (D:5)
  3 adders
  An ufetubus (D:5)
  An adder zombie (D:5)
  2 dart slugs
  7 orcs
  6 endoplasms
  4 giant cockroaches
  8 goblins
  4 hobgoblins
  2 kobolds (D:3)
  2 quokkas
  3 ball pythons
  3 bats
  4 frilled lizards
  4 rats
60 creatures vanquished.

Notes
Turn   | Place    | Note
-------+----------+-------------------------------------------
     0 | D:1      | qw the Gargoyle Fighter began the quest for the Orb.
     0 | D:1      | Reached XP level 1. HP: 14/14 MP: 1/1
     0 | D:1      | 0 ||| qw: Version: 0.3-a-9-g12657ce
     0 | D:1      | 0 ||| qw: Game counter: 1465
     0 | D:1      | 0 ||| qw: Always use a shield: true
     0 | D:1      | 0 ||| qw: God list: Okawaru
     0 | D:1      | 0 ||| qw: Allow faded altars: false
     0 | D:1      | 0 ||| qw: Do Orc after D:15 true
     0 | D:1      | 0 ||| qw: Do second Lair branch before Depths: true
     0 | D:1      | 0 ||| qw: Lair rune preference: random
     0 | D:1      | 0 ||| qw: Plans: Normal, Zot:1-4, Slime:5, God:TSO, Crypt,
                  | Tomb, Abyss, Pan, Hells, Win
     0 | D:1      | 0 ||| PLANNING D:1-11
    61 | D:1      | Reached skill level 2 in Axes
   119 | D:1      | HP: 3/14 [frozen (2)]
   124 | D:1      | Reached XP level 2. HP: 4/19 MP: 2/2
   706 | D:1      | 706 ||| READING scroll labelled VIRUPL JIUSAV.
   839 | D:2      | Found a faded altar of an unknown god.
   864 | D:2      | 864 ||| Stepping ~*~*~tactically~*~*~ (stealth).
   870 | D:2      | Reached skill level 3 in Axes
   975 | D:2      | Reached XP level 3. HP: 23/23 MP: 3/3
  1316 | D:2      | 1316 ||| READING scroll labelled PAESATO QIEWE.
  1317 | D:2      | 1317 ||| READING scroll labelled BIBAED DUTTUR.
  1318 | D:2      | 1318 ||| DRINKING 2 bubbling ruby potions.
  1319 | D:2      | 1319 ||| READING 3 scrolls of identify.
  1319 | D:2      | 1319 ||| IDENTIFYING lumpy green potion
  1320 | D:2      | 1320 ||| READING 2 scrolls of identify.
  1320 | D:2      | 1320 ||| IDENTIFYING fuming red potion
  1321 | D:2      | 1321 ||| DROPPING potion of ambrosia.
  1524 | D:3      | Found a sacrificial altar of Ru.
  1673 | D:3      | Reached XP level 4. HP: 28/28 MP: 4/4
  1804 | D:3      | 1804 ||| Stepping ~*~*~tactically~*~*~ (stealth).
  1822 | D:3      | 1822 ||| FLEEEEING.
  1823 | D:3      | 1823 ||| FLEEEEING.
  1832 | D:3      | Reached skill level 4 in Axes
  1834 | D:3      | 1834 ||| DROPPING +0 club.
  1847 | D:3      | 1847 ||| READING scroll labelled ECICLYT CIDO.
  1848 | D:3      | 1848 ||| READING scroll labelled HENOUR WOPSEA.
  1849 | D:3      | 1849 ||| READING scroll labelled LEDAHU FITZACK.
  1850 | D:3      | 1850 ||| READING scroll labelled RUYNNIBUNA.
  2011 | D:4      | Noticed Blork the orc
  2012 | D:4      | 2012 ||| Stepping ~*~*~tactically~*~*~ (hiding).
  2015 | D:4      | 2015 ||| Stepping ~*~*~tactically~*~*~ (hiding).
  2024 | D:4      | Killed Blork the orc
  2025 | D:4      | Reached XP level 5. HP: 32/32 MP: 5/5
  2302 | D:4      | 2302 ||| Stepping ~*~*~tactically~*~*~ (stealth).
  2553 | D:4      | Noticed an ice beast
  2558 | D:4      | Killed an ice beast
  2559 | D:4      | Reached skill level 5 in Axes
  2559 | D:4      | Reached XP level 6. HP: 37/37 MP: 6/6
  2562 | D:4      | Noticed Sigmund
  2570 | D:4      | 2570 ||| DRINKING potion of curing.
  2570 | D:4      | 2570 ||| (to cure confusion)
  2571 | D:4      | Killed Sigmund
  2819 | D:4      | 2819 ||| READING 2 scrolls labelled YWULUA FO WIO.
  2824 | D:4      | 2824 ||| READING 3 scrolls of identify.
  2824 | D:4      | 2824 ||| IDENTIFYING fizzy pink potion
  2825 | D:4      | 2825 ||| READING 2 scrolls of identify.
  2825 | D:4      | 2825 ||| IDENTIFYING sedimented amethyst potion
  2843 | D:5      | Entered Level 5 of the Dungeon
  2844 | D:5      | Noticed Dowan
  2844 | D:5      | Noticed Duvessa
  2857 | D:5      | HP: 10/40 [Duvessa/+0 rapier (8)]
  2858 | D:5      | 2858 ||| READING scroll of teleportation.
  2859 | D:5      | 2859 ||| DRINKING potion of heal wounds.
  2861 | D:5      | Killed Dowan
  2862 | D:5      | Reached skill level 1 in Dodging
  2862 | D:5      | Reached XP level 7. HP: 27/44 MP: 7/7
  2887 | D:5      | Reached skill level 6 in Axes
  2999 | D:5      | 2999 ||| Stepping ~*~*~tactically~*~*~ (stealth).
  3057 | D:5      | Noticed Menkaure
  3058 | D:5      | HP: 4/44 [Duvessa/+0 rapier (16)]
  3059 | D:5      | Mangled by Duvessa

Levels and vault maps discovered:
D:1:      heliophobic_arrival_glass_houses, layout_basic
D:2:      layout_loops_ring, hellmonk_ecumenical_altar_lost_god,
          minmay_misc_feat_square
D:3:      layout_rooms, mainiacjoe_overflow_concentric_impassable,
          chequers_garden, dreamdust_wishing_well, minmay_goblin_kobold_house
D:4:      layout_gridville, minivault_23, minmay_misc_feat_plants,
          minmay_crystal_water, uniq_sigmund, uniq_blork_the_orc
D:5:      lemuel_insect_pit, layout_rooms, nicolae_yredelemnul_corpse_copse,
          minmay_temple_entry_junction, uniq_duvessa, uniq_menkaure

Skill      XL: |  1  2  3  4  5  6  7 |
---------------+----------------------+-----
Axes           | 2 3 4 5 6 |  6.4
Fighting       | 4 |  4.9
Dodging        | 1 |  1.2
Armour         | |  3.2
Shields        | |  3.2

Action                     |  1- 3 |  4- 6 |  7- 9 || total
---------------------------+-------+-------+-------++-------
  Melee: War axe           |    98 |    55 |    41 ||   194
    Use: Scroll            |     5 |     8 |       ||    13
         Potion            |     1 |     2 |       ||     3
 Armour: Scale mail        |    48 |    32 |    26 ||   106
  Dodge: Dodged            |    35 |    22 |    26 ||    83
  Block: Buckler           |    18 |    14 |     6 ||    38

Table legend:
 A = Non-vault XP
 B = Vault XP
 C = Vault XP percentage of total XP
 D = Non-vault monster count
 E = Vault monster count
 F = Vault count percentage of total count
                 A         B        C        D         E       F
            +---------+---------+-------+---------+---------+-------
      Total |     482 |     401 |  45.4 |      52 |       8 |  13.3
            +---------+---------+-------+---------+---------+-------
        D:1 |      25 |       0 |   0.0 |      15 |       0 |   0.0
        D:2 |      28 |       0 |   0.0 |      11 |       0 |   0.0
        D:3 |      39 |       7 |  15.2 |      13 |       4 |  23.5
        D:4 |     150 |     320 |  68.1 |       8 |       2 |  20.0
        D:5 |     240 |      74 |  23.6 |       5 |       2 |  28.6
            +---------+---------+-------+---------+---------+-------
